 Dungeon Crawl Stone Soup version 0.20-a0-307-gd0bf4df (webtiles) character file.

475 AlphabetPasta the Ruffian (level 6, -3/51 HPs)
             Began as a Minotaur Transmuter on Dec 18, 2016.
             Slain by an orc priest
             ... wielding a +0 morningstar
              (13 damage)
             ... on level 4 of the Dungeon.
             The game lasted 00:12:41 (2986 turns).

AlphabetPasta the Ruffian (Minotaur Transmuter)     Turns: 2986, Time: 00:12:41

Health: -3/51      AC:  4    Str: 14    XL:     6   Next: 84%
Magic:  8/8        EV: 13    Int: 12    God:
Gold:   217        SH:  0    Dex: 11    Spells: 5/9 levels left

rFire  . . .     SeeInvis .       - Unarmed
rCold  . . .     Gourm    .     b - +1 robe
rNeg   . . .     Faith    .     (no shield)
rPois  .         Spirit   .     (helmet restricted)
rElec  .         Reflect  .     (no cloak)
rCorr  .         Harm     .     (no gloves)
MR     .....                    n - +0 pair of boots
Stlth  +.........               (no amulet)
                                (no ring)
                                (no ring)

@: very slightly contaminated, invisible (expiring)
A: retaliatory headbutt, horns 2
a: no special abilities


You were on level 4 of the Dungeon.
You were not hungry.

You visited 1 branch of the dungeon, and saw 4 of its levels.

You collected 217 gold pieces.

Inventory:

Hand Weapons
 t - a +0 arbalest
Missiles
 a - 36 arrows
Armour
 b - a +1 robe (worn)
 n - a +0 pair of boots (worn)
Wands
 r - a wand of iceblast (4/15)
Scrolls
 e - 2 scrolls of remove curse
 p - a scroll of fear
 q - 2 scrolls of teleportation
Potions
 i - a potion of cure mutation
 j - a potion of curing
 k - a potion of lignification
 m - 2 potions of invisibility
 o - 2 potions of cancellation
Books
 c - a book of Changes

   Spells                             Type                      Level
   a - Beastly Appendage              Transmutation                1
   b - Sticks to Snakes               Transmutation                2
   c - Spider Form                    Transmutation/Poison         3
   d - Ice Form                       Ice/Transmutation            4
   e - Blade Hands                    Transmutation                5
Comestibles
 d - 2 bread rations
 f - 3 fruits
 g - 3 meat rations
 h - a royal jelly
 s - a chunk of flesh


   Skills:
 + Level 3.4 Fighting
 + Level 0.4 Crossbows
 + Level 3.6 Dodging
 * Level 5.3 Unarmed Combat
 + Level 2.4 Spellcasting
 * Level 3.1 Transmutations


You had 5 spell levels left.
You knew the following spells:

 Your Spells              Type           Power        Failure   Level  Hunger
a - Beastly Appendage     Tmut           #.....       10%         1    ##.....
b - Spider Form           Tmut/Pois      #.........   43%         3    ####...


Dungeon Overview and Level Annotations

Branches:
Dungeon (4/15)
 Temple: D:4-7

Altars:
Elyvilon


Innate Abilities, Weirdness & Mutations

You reflexively headbutt those who attack you in melee.
You have a pair of horns on your head.


Message History

You flicker for a moment.
The crocodile barely misses you. You furiously retaliate!
You headbutt the crocodile. You closely miss the crocodile.
The crocodile is heavily wounded.
The crocodile closely misses you. You furiously retaliate!
You headbutt the crocodile, but do no damage.
You hit the crocodile.
The crocodile is severely wounded.
The crocodile bites you!
* * * LOW HITPOINT WARNING * * *
The orc priest barely misses you.
You hit the crocodile.
The crocodile is almost dead.
The crocodile barely misses you. You furiously retaliate!
You headbutt the crocodile!
You kill the crocodile!
Your Transmutations skill increases to level 3!
The orc priest hits you with a morningstar!
You die...

### #.# ###########.#
#...........#
#######.####......# ......
#.###..# ########## #.#
#..# ####### .........###.#
#.†# ....... ..####.......#
#@.# ....... .....#.#.#####
#o.# .......
...#.#.#.#..####..##.......
.)................)))......
...#.#.#.#..####..##o......
...#.#.#.#........# .......
...#.#.#.##...###.# #######
..##.#.#..........#
..##.#.#####.########


You could see an orc priest.

Vanquished Creatures
  Eustachio (D:4)
  A crocodile (D:4)
  An orc priest (D:4)
  Jessica (D:3)
  An orc wizard (D:4)
  A worker ant (D:4)
  5 adders
  A shadow imp (D:3)
  An ooze (D:1)
  3 dart slugs
  A leopard gecko (D:1)
  14 orcs
  5 bats
  7 giant cockroaches
  11 hobgoblins
  8 jackals
  2 quokkas (D:3)
  2 ball pythons
  2 frilled lizards (D:2)
  5 goblins
  6 kobolds
  6 rats
85 creatures vanquished.

Notes
Turn   | Place    | Note
-------+----------+-------------------------------------------
     0 | D:1      | AlphabetPasta the Minotaur Transmuter began the quest for the Orb.
     0 | D:1      | Reached XP level 1. HP: 16/16 MP: 1/1
   199 | D:1      | Reached XP level 2. HP: 17/23 MP: 0/3
  1143 | D:2      | Reached XP level 3. HP: 28/29 MP: 4/4
  1148 | D:2      | Learned a level 3 spell: Spider Form
  1520 | D:2      | Reached skill level 4 in Unarmed Combat
  1750 | D:3      | Reached XP level 4. HP: 25/36 MP: 5/5
  1857 | D:3      | Found a white marble altar of Elyvilon.
  1925 | D:3      | Noticed Jessica
  1932 | D:3      | Killed Jessica
  1989 | D:3      | Reached XP level 5. HP: 35/42 MP: 6/6
  2541 | D:4      | Noticed Eustachio
  2576 | D:4      | Killed Eustachio
  2576 | D:4      | Reached skill level 5 in Unarmed Combat
  2576 | D:4      | Reached XP level 6. HP: 25/51 MP: 6/8
  2970 | D:4      | HP: 1/51 [crocodile (10)]
  2986 | D:4      | Slain by an orc priest

Vault maps used:
D:1:      sevenhm_arrival_forest_fort_small_3
D:3:      first_bread, kennysheep_crisscross, elyvilon_altar_5, uniq_jessica
D:4:      uniq_eustachio, uniq_sigmund, uniq_pikel

Skill      XL: |  1  2  3  4  5  6 |
---------------+-------------------+-----
Fighting       | 2 3 |  3.4
Unarmed Combat | 4 5 |  5.3
Transmutations | 2 3 |  3.1
Dodging        | 3 |  3.6
Spellcasting   | 2 |  2.4
Crossbows      | |  0.4

Action                   |  1- 3 |  4- 6 || total
-------------------------+-------+-------++-------
Melee: Unarmed           |   101 |   168 ||   269
       Headbutt          |    12 |    21 ||    33
       Kick              |     2 |       ||     2
       Punch             |     2 |     1 ||     3
 Cast: Beastly Appendage |     6 |       ||     6
  Use: Scroll            |     8 |     3 ||    11
       Potion            |       |     7 ||     7
 Stab: Sleeping          |       |     1 ||     1
       Invisible         |       |     2 ||     2
  Eat: Chunk             |     3 |     4 ||     7
Armor: Robe              |    19 |    28 ||    47
       Skin              |       |    24 ||    24
Dodge: Dodged            |    64 |    95 ||   159
